 Dungeon Crawl Stone Soup version 0.27-a0-1384-g1422d76b99 (webtiles) character file.

Game seed: 14518463922399150703

102 quinnr the Magician (level 5, -2/35 HPs)
             Began as a Djinni Air Elementalist on June 30, 2021.
             Slain by a wight (3 damage)
             ... on level 3 of the Dungeon.
             The game lasted 00:06:21 (3735 turns).

quinnr the Magician (Djinni Air Elementalist)       Turns: 3735, Time: 00:06:23

Health: -2/35      AC:  3    Str:  7    XL:     5   Next: 5%
Gold:   80         EV: 12    Int: 17    God:
                   SH:  0    Dex: 14

rFire    + + .     SeeInvis .   (no weapon)
rCold    x . .     Faith    .   (no shield)
rNeg     . . .     Spirit   .   a - +0 robe
rPois    ∞         Reflect  .   (no helmet)
rElec    .         Harm     .   k - +0 cloak
rCorr    .         Rampage  .   (no gloves)
Will     .....                  (boots unavailable)
Stlth    ++........             g - amulet of the acrobat
HPRegen  0.11/turn              (no ring)
MPRegen  0.00/turn              (no ring)

@: swift, flying, quick
A: sickness immunity, fire resistance 2, cold vulnerability 1, float, innate
caster, hp casting, extra vitality 1
a: no special abilities


You were on level 3 of the Dungeon.
You visited 1 branch of the dungeon, and saw 4 of its levels.

You collected 80 gold pieces.

Inventory:

Missiles
 f - 12 poisoned darts
Armour
 a - a +0 robe (worn)
 k - a +0 cloak (worn)
Jewellery
 g - an amulet of the acrobat (around neck)
Scrolls
 b - 3 scrolls of identify {unknown}
 c - a scroll of teleportation {unknown}
 e - a scroll of enchant armour {unknown}
 l - a scroll of vulnerability {unknown}
Potions
 d - a potion of degeneration {unknown}
 h - 2 potions of might {unknown}
 i - a potion of ambrosia {unknown}
 j - a potion of flight {unknown}


   Skills:
 - Level 2.1 Dodging
 - Level 1.5 Stealth
 + Level 4.1 Spellcasting


You couldn't memorise any spells.
You knew the following spells:

 Your Spells              Type           Power      Damage    Failure   Level
a - Shock                 Conj/Air       68%        1d7       2%          1
b - Static Discharge      Conj/Air       17%        N/A       4%          2
c - Swiftness             Air            17%        N/A       9%          3
d - Airstrike             Air            8%         N/A       28%         4
e - Lightning Bolt        Conj/Air       8%         1d21      61%         5
f - Freeze                Ice            68%        1d8       2%          1
g - Passwall              Tmut/Erth      14%        N/A       4%          2
Your spell library was empty.

Dungeon Overview and Level Annotations

Branches:
Dungeon (4/15)
 Temple: D:4-7

Altars:
Ashenzari
Kikubaaqudgha
Nemelex Xobeh
Uskayaw
Vehumet
Wu Jian
Xom


Innate Abilities, Weirdness & Mutations

You are immune to sickness and miasma.
You are immune to poison.
Your flesh is very heat resistant. (rF++)
You are vulnerable to cold. (rC-)
You float through the air rather than walking.
You learn spells naturally, not from books.
Your magical power is your life essence.
You have superior vitality. (+4 HP)


Message History

Where to? (Enter - D:3 @ (x,y), ? - help)
There is a stone staircase leading up here.
There is a stone staircase leading down here.
You fly downwards.
Found an amulet of the acrobat and 15 gold pieces.
Found a stone staircase leading up.
There is a stone staircase leading up here.
A wight comes into view. It is wielding a +4 mace of freezing.
The zap hits the wight.
The wight is lightly damaged.
There is a stone staircase leading up here.
You fly upwards.
There is a stone staircase leading down here.
You need no library to learn spells.
Unknown command.
Casting: Shock (safe; 2% risk of failure)
Confirm with . or Enter, or press ? or * to list all spells.
Okay, then.
Unknown command.
You fly downwards.
The wight hits you with a +4 mace of freezing!
The wight freezes you!
There is a stone staircase leading up here.
Unknown command.
The wight hits you with a +4 mace of freezing.
The wight freezes you.
You fly upwards.
There is a stone staircase leading down here.
Unknown command.
Casting: Shock (safe; 2% risk of failure)
Confirm with . or Enter, or press ? or * to list all spells.
Okay, then.
Casting: Shock (safe; 2% risk of failure)
Confirm with . or Enter, or press ? or * to list all spells.
You feel quick.
* * * LOW HITPOINT WARNING * * *
The wight hits you with a +4 mace of freezing!
* * * LOW HITPOINT WARNING * * *
The wight freezes you.
You die...

#### #... ###### ##... #....#
##...< ###....# ####.....
##......###### #....#..#
#..##..##..@.# #.##...## ###
#..###.##.##z## #....#### ..##
##.###.##.##..# ###........ ...##
#...#....###.####.......... ....#
###...........##..(..._..._ ....#
##............#....#.......
....###................###._..8..
.....................#.# #.......
....###..............#.# ##._..._


You could see a wight.

Vanquished Creatures
  An adder (D:3)
  A worm (D:3)
  3 dart slugs
  3 orcs (D:3)
  7 bats
  10 endoplasms
  4 giant cockroaches
  4 goblins
  3 hobgoblins
  6 quokkas
  6 ball pythons
  7 frilled lizards
  A jackal skeleton (D:2)
  8 kobolds
  10 rats
74 creatures vanquished.

Notes
Turn   | Place    | Note
-------+----------+-------------------------------------------
     0 | D:1      | quinnr the Djinni Air Elementalist began the quest for the
                  | Orb.
     0 | D:1      | Reached XP level 1. HP: 15/15 MP: 0/0
   391 | D:1      | Reached XP level 2. HP: 17/21 MP: 0/0
   591 | D:1      | Reached skill level 3 in Spellcasting
   970 | D:1      | Reached XP level 3. HP: 21/25 MP: 0/0
   970 | D:1      | Learned a level 1 spell: Freeze
  2599 | D:2      | Reached XP level 4. HP: 30/31 MP: 0/0
  3208 | D:3      | Reached skill level 4 in Spellcasting
  3230 | D:3      | Found a faded altar of an unknown god.
  3249 | D:3      | Found a sparkling altar of Nemelex Xobeh.
  3251 | D:3      | Found a hide-covered altar of Uskayaw.
  3252 | D:3      | Found a shimmering altar of Xom.
  3252 | D:3      | Found a broken altar of Ashenzari.
  3252 | D:3      | Found an ornate altar of the Wu Jian Council.
  3483 | D:3      | Reached XP level 5. HP: 28/35 MP: 0/0
  3483 | D:3      | Learned a level 2 spell: Passwall
  3735 | D:3      | HP: 1/35 [wight (8)]
  3735 | D:3      | Slain by a wight

Illustrated notes

Levels and vault maps discovered:
D:1:      enne_arrival_octagon_isle, layout_basic
D:2:      layout_basic
D:3:      layout_rooms, grunt_temple_overflow_open,
          ebering_ecumenical_altar_webs
D:4:      layout_cave_pods, hellmonk_ghost_happy_afterlife, uniq_ijyb

Skill      XL: |  1  2  3  4 |
---------------+-------------+-----
Spellcasting   | 3 4 |  4.1
Dodging        | |  2.1
Stealth        | |  1.5

Action                   |  1- 3 |  4- 6 || total
-------------------------+-------+-------++-------
Melee: Unarmed           |     2 |       ||     2
 Cast: Shock             |    88 |    61 ||   149
       Swiftness         |       |     1 ||     1
Armor: Robe              |     6 |     4 ||    10
Dodge: Dodged            |    21 |    12 ||    33

Table legend: (Time is in decaauts)
 A = Elapsed time spent in this place.
 B = Non-inter-level travel time spent in this place.
 C = Inter-level travel time spent in this place.
 D = Time resting spent in this place.
 E = Time spent auto-exploring this place.
 F = Levels seen in this place.
 G = Mean time per level.
                   A        B        C        D        E       F      G
               +--------+--------+--------+--------+--------+-----+--------+
         Total |   3738 |   3606 |    132 |    557 |   2652 |   4 |  934.5 |
       Dungeon |   3738 |   3606 |    132 |    557 |   2652 |   4 |  934.5 |
               +--------+--------+--------+--------+--------+-----+--------+

Top non-repeatable levels by time:
     D:1: 1971 daAuts
     D:2: 950 daAuts
     D:3: 807 daAuts
     D:4: 9 daAuts
